 Dungeon Crawl Stone Soup version 0.31-a0-986-g5e6e4ef867 (webtiles) character file.

Game seed: 10785626256533108907

515281 p00ps00p the Axe Maniac (level 25, -6/257 HPs)
             Began as a Hill Orc Fighter on Nov 11, 2023.
             Was an Initiate of Gozag.
             Mangled by a vault warden
             ... wielding a +0 halberd
              (9 damage)
             ... while petrified by an ancient lich
             ... on level 5 of the Vaults.
             The game lasted 02:19:42 (68240 turns).

p00ps00p the Axe Maniac (Hill Orc Fighter)         Turns: 68240, Time: 02:19:43

Health: -6/257     AC: 33    Str: 46    XL:     25   Next: 68%
Magic:  2/20       EV:  2    Int:  8    God:    Gozag
Gold:   2771       SH:  0    Dex: 10    Spells: 24/24 levels left

rFire   + . .        A - +2 broad axe (drain)
rCold   + . .        H - +0 tower shield {AC+3}
rNeg    + + +        e - +3 shadow dragon scales
rPois   ∞            G - -2 hat of the Alchemist {rElec rPois rF+ rC+ rN+ Will+ rMut rCorr}
rElec   +            V - scarf of Sorcery {repulsion, rC+ Str+3 Int+2}
rCorr   +            O - +0 pair of gloves {infuse}
SInv    .            U - +2 pair of boots {Stlth+}
Will    ++...        Z - amulet "Nonutweb" {Reflect rPois rC- Regen+ Int-2 SH+5}
Stlth   +++++        a - ring "Xohoh" {Wiz Str+6 Stlth+}
HPRegen 1.42/turn    E - ring "Reweriri" {Str+6 Stlth+}
MPRegen 0.17/turn

%: repel missiles, reflection, resist mutation, wizardry (x1), infuse magic (1
MP)
@: petrified, marked, studying Unarmed Combat
A: low MP 1
}: 2/15 runes: serpentine, barnacled
a: Renounce Religion, Potion Petition, Call Merchant, Bribe Branch


You were on level 5 of the Vaults.
You worshipped Gozag.
Gozag was most pleased with you.
You visited 10 branches of the dungeon, and saw 44 of its levels.
You visited the Abyss 2 times.
You also visited: Sewer, Gauntlet, Ice Cave and Wizlab.

You collected 23793 gold pieces.
You spent 9437 gold pieces at shops.
You paid 11585 gold pieces to Gozag.

Inventory:

Hand Weapons
 c - a +5 broad axe of flaming
 l - a +9 war axe of freezing
 A - a +2 broad axe of draining (weapon)
 S - a +4 heavy executioner's axe
Missiles
 b - 46 poisoned darts
 m - 10 curare-tipped darts (quivered)
Armour
 e - +3 shadow dragon scales (worn)
 j - the +1 pair of gloves "Hammipen" {Regen+ rCorr MP-9 Str+4}
   (You found it on level 2 of the Shoals)

   Str+4:     It affects your strength (+4).
   MP-9:      It affects your magic capacity (-9).
   Regen+:    It increases your rate of health regeneration.
   rCorr:     It protects you from acid and corrosion.
 F - a scarf of resistance
 G - the -2 hat of the Alchemist (worn) {rElec rPois rF+ rC+ rN+ Will+ rMut rCorr}
   (You bought it in a shop on level 4 of the Dungeon)

   rF+:       It protects you from fire.
   rC+:       It protects you from cold.
   rElec:     It insulates you from electricity.
   rPois:     It protects you from poison rN+: It protects you from negative
   energy.
   Will+:     It increases your willpower.
   rCorr:     It protects you from acid and corrosion.
   rMut:      It protects you from mutation.
 H - a +0 tower shield of protection (worn)
 O - a +0 pair of gloves of infusion (worn)
 U - a +2 pair of boots of stealth (worn)
 V - the scarf of Sorcery (worn) {repulsion, rC+ Str+3 Int+2}
   (You bought it in a shop on level 15 of the Dungeon)

   Str+3:     It affects your strength (+3).
   Int+2:     It affects your intelligence (+2).
   rC+:       It protects you from cold.
Jewellery
 a - the ring "Xohoh" (left hand) {Wiz Str+6 Stlth+}
   (You bought it in a shop on level 8 of the Dungeon)

   [ring of wizardry]

   Wiz:       It improves your spell success rate.
   Str+6:     It affects your strength (+6).
   Stlth+:    It makes you more stealthy.
 u - a ring of flight
 E - the ring "Reweriri" (right hand) {Str+6 Stlth+}
   (You bought it in a shop on level 5 of the Dungeon)

   [ring of strength]

   Str+6:     It affects your strength (+6).
   Stlth+:    It makes you more stealthy.
 J - the ring of Poquoz {rC+ SInv}
   (You took it off a deep elf annihilator on level 3 of the Elven Halls)

   [ring of protection from cold]

   rC+:       It protects you from cold.
   SInv:      It lets you see invisible.
 Z - the amulet "Nonutweb" (around neck) {Reflect rPois rC- Regen+ Int-2 SH+5}
   (You found it on level 2 of the Shoals)

   [amulet of reflection]

   Reflect:   It reflects blocked missile attacks.
   Int-2:     It affects your intelligence (-2).
   rC-:       It makes you vulnerable to cold.
   rPois:     It protects you from poison Regen+: It increases your rate of
   health regeneration.
   SH+5:      It affects your SH (+5).
Wands
 d - a wand of mindburst (25)
 h - a wand of acid (17)
 p - a wand of flame (88)
 D - a wand of digging (17)
 L - a wand of iceblast (21)
 N - a wand of paralysis (17)
 Q - a wand of polymorph (13)
Scrolls
 f - a scroll of silence
 n - 20 scrolls of identify
 s - 4 scrolls of fog
 t - 5 scrolls of revelation
 x - 3 scrolls of amnesia
 y - 14 scrolls of teleportation
 B - 7 scrolls of fear
 K - 7 scrolls of poison
Potions
 g - 9 potions of might
 i - 9 potions of curing
 q - 5 potions of resistance
 r - 6 potions of enlightenment
 v - 3 potions of berserk rage
 w - a potion of magic
 z - 10 potions of lignification
 C - 10 potions of haste
 M - 8 potions of mutation
 T - a potion of cancellation
 W - 9 potions of brilliance
Miscellaneous
 P - a phial of floods
 R - a sack of spiders
 Y - a phantom mirror


   Skills:
 O Level 27 Fighting
 O Level 27 Axes
 + Level 25.2 Armour
 + Level 25.2 Shields


You had 24 spell levels left.
You didn't know any spells.
Your spell library contained the following spells:

 Spells                   Type           Power      Damage    Failure   Level
 Apportation              Tloc           0%         N/A       30%         1
 Magic Dart               Conj           0%         1d3       30%         1
 Summon Small Mammal      Summ           0%         N/A       30%         1
 Blink                    Tloc           0%         N/A       41%         2
 Ensorcelled Hibernation  Hex/Ice        0%         N/A       41%         2
 Jinxbite                 Hex            0%         N/A       41%         2
 Lesser Beckoning         Tloc           0%         N/A       41%         2
 Momentum Strike          Conj/Tloc      0%         3d8       41%         2
 Passwall                 Tmut/Erth      0%         N/A       41%         2
 Poisonous Vapours        Pois/Air       0%         N/A       41%         2
 Searing Ray              Conj           0%         2d4       41%         2
 Static Discharge         Conj/Air       0%         3-3/arc   41%         2
 Sublimation of Blood     Necr           0%         N/A       41%         2
 Wereblood                Tmut           0%         N/A       41%         2
 Call Canine Familiar     Summ           0%         N/A       65%         3
 Dazzling Flash           Conj/Hex       0%         N/A       65%         3
 Hailstorm                Conj/Ice       0%         3d3       65%         3
 Mephitic Cloud           Conj/Pois/Air  0%         N/A       65%         3
 Ozocubu's Armour         Ice            0%         N/A       65%         3
 Stone Arrow              Conj/Erth      0%         3d7       65%         3
 Summon Guardian Golem    Hex/Summ       0%         N/A       65%         3
 Swiftness                Air            0%         N/A       65%         3
 Tukima's Dance           Hex            0%         N/A       65%         3
 Airstrike                Air            0%         2d(0-16)  95%         4
 Animate Armour           Summ/Erth      0%         N/A       95%         4
 Dimensional Bullseye     Hex/Tloc       0%         N/A       95%         4
 Fulminant Prism          Conj/Hex       0%         3d5       95%         4
 Iskenderun's Mystic Bla  Conj/Tloc      0%         2d3       95%         4
 Leda's Liquefaction      Hex/Erth       0%         N/A       95%         4
 Manifold Assault         Tloc           0%         N/A       95%         4
 Olgreb's Toxic Radiance  Pois           0%         N/A       95%         4
 Passage of Golubria      Tloc           0%         N/A       95%         4
 Summon Ice Beast         Ice/Summ       0%         N/A       95%         4
 Summon Lightning Spire   Summ/Air       0%         N/A       95%         4
 Agony                    Necr           0%         N/A       100%        5
 Alistair's Intoxication  Tmut/Pois      0%         N/A       100%        5
 Freezing Cloud           Conj/Ice/Air   0%         6-21      100%        5
 Lee's Rapid Deconstruct  Erth           0%         3d4*      100%        5
 Silence                  Hex/Air        0%         N/A       100%        5
 Yara's Violent Unravell  Hex/Tmut       0%         3d3       100%        5
 Bombard                  Conj/Erth      0%         9d1       100%        6
 Ozocubu's Refrigeration  Ice            0%         4d7       100%        7
 Summon Hydra             Summ           0%         N/A       100%        7
 Discord                  Hex            0%         N/A       100%        8
 Ignition                 Fire           0%         3d3       100%        8
 Lehudib's Crystal Spear  Conj/Erth      0%         10d2      100%        8
 Chain Lightning          Conj/Air       0%         N/A       100%        9
 Fire Storm               Conj/Fire      0%         5d1       100%        9
 Polar Vortex             Ice            0%         N/A       100%        9
 Shatter                  Erth           0%         3d5*      100%        9
 Simulacrum               Ice/Necr       Unusable   N/A       N/A         6

Dungeon Overview and Level Annotations

Branches:
Dungeon (15/15)            Temple (1/1) D:6            Lair (5/5) D:8
 Shoals (4/4) Lair:2        Snake (4/4) Lair:3        Slime (0/5) Lair:4
    Orc (2/2) D:11            Elf (3/3) Orc:2        Vaults (5/5) D:13
  Crypt (0/3) Vaults:3     Depths (4/4) D:15           Hell (visited)
    Geh (0/7) Hell            Coc (0/7) Hell            Zot (0/5) Depths:4
  Sewer (visited)           IceCv (visited)          WizLab (visited)
Gauntlet (visited)
    Dis: Hell:1         Tar: Hell:1

Altars:
Ashenzari
Cheibriados
Dithmenos
Elyvilon
Fedhas
Gozag
Hepliaklqana
Kikubaaqudgha
Makhleb
Nemelex Xobeh
Okawaru
Qazlal
Ru
Sif Muna
Trog
Uskayaw
Vehumet
Wu Jian
Xom
Yredelemnul
Zin
The Shining One
Beogh
Jiyva

Shops:
D:4 [[   D:5 =(   D:7 =   D:8 =(   D:14 (   D:15 [   Orc:2 ?:[?   Elf:1 ?
Elf:2 [   Elf:3 *   Lair:4 [*   Snake:2 (   Snake:4 ??   Vaults:3 [
Depths:4 (

Portals:
Hell: Depths:1 Depths:2 Depths:3 Depths:4
Abyss: D:11 Depths:3 Depths:4
Pandemonium: Depths:2
Ziggurat: Depths:4
Trove: D:15 (give horn of Geryon)

Annotations:
Hell Geryon


Innate Abilities, Weirdness & Mutations

Your magical capacity is low. (-10% MP)


Message History

* * * LOW HITPOINT WARNING * * *
The yaktaur hits you but does no damage.
The yaktaur captain hits you with a +0 war axe!
* * * LOW HITPOINT WARNING * * *
The deep elf high priest shouts!
The hell knight is no longer distracted by gold.
The hell knight mumbles some strange prayers to its god.
The hell knight blinks!
The frost giant hits you but does no damage.
A deep elf death mage comes into view. It is wielding a +0 dagger.
The yaktaur hits you but does no damage.
The yaktaur captain hits you with a +0 war axe!
* * * LOW HITPOINT WARNING * * *
The vault warden hits you from afar with a +0 halberd.
* * * LOW HITPOINT WARNING * * *
The deep elf demonologist is no longer distracted by gold.
The frost giant hits you but does no damage.
The vault warden hits you but does no damage.
The yaktaur hits you.
* * * LOW HITPOINT WARNING * * *
The yaktaur captain hits you with a +0 war axe!
* * * LOW HITPOINT WARNING * * *
The deep elf demonologist casts a spell.
The frost giant hits you but does no damage.
A storm dragon comes into view.
The yaktaur hits you!
* * * LOW HITPOINT WARNING * * *
The yaktaur captain hits you but does no damage.
The vault warden hits you but does no damage.
The stone giant is no longer distracted by gold.
The vault warden is no longer distracted by gold.
The hell knight hits you but does no damage.
The deep elf demonologist mumbles some strange words.
The hell knight hits you but does no damage.
The frost giant hits you with a +2 battleaxe of freezing!
* * * LOW HITPOINT WARNING * * *
The yaktaur hits you but does no damage.
The vault warden hits you from afar with a +0 halberd!!
You die...
Your body crumbles into a pile of gold.

##....#
##.....#
##......#
#.......#
####.......#
##$.# #.....#
##$1..####$..#
##φ:eppCc[#.$.#
#|(4WCe@p3$...#
$..Dc##ec...C.#
... ##.####.#
... # ### .#
..W .# ... .#
... ... ...


You could see a storm dragon, 2 frost giants, an Ice Fiend (summoned), a stone
giant, 2 vault wardens, 2 yaktaur captains, a deep elf death mage, a hell knight
(fast, drained), a flayed ghost, a sun demon (summoned), a deep elf demonologist
(empowered), a deep elf high priest (brilliance aura, drained), a yaktaur and a
red devil (summoned).

Vanquished Creatures
  2 dread liches
  2 ancient liches
  2 juggernauts
  Margery (Depths:4)
  Frederick (Depths:3)
  Vashnia (Snake:3)
  Xtahua (Depths:4)
  2 golden dragons
  A bone dragon (Vaults:3)
  A hellephant (Abyss:2)
  Asterion (Snake:3)
  8 liches
  Rupert (D:12)
  2 tentacled monstrosities (Vaults:4)
  A moon troll (WizLab)
  4 deep elf master archers (Elf:3)
  A walking divine tome (Depths:3)
  4 deep elf blademasters
  3 quicksilver dragons
  A kraken (Shoals:4)
  2 titans
  5 sphinxes
  9 tentacled starspawn
  Polyphemus (Shoals:3)
  2 ancient champions
  Gastronok (D:10)
  4 shadow dragons
  Roxanne (Snake:3)
  Kirke (Lair:4)
  7 storm dragons
  3 tengu reavers
  Aizul (Depths:1)
  Ilsuiw (Shoals:4)
  2 draconian monks (Depths:4)
  3 nagarajas (Snake:4)
  6 fire giants
  8 deep elf sorcerers
  2 caustic shrike zombies
  A balrug (Hell)
  Louise (Snake:2)
  11 vault wardens
  2 iron dragons
  4 deep elf elementalists (Elf:3)
  6 frost giants
  A shard shrike simulacrum (Hell)
  4 angels
  2 reapers (Hell)
  A formless jellyfish (Vaults:3)
  A war gargoyle (Vaults:3)
  8 deep elf demonologists
  The ghost of Veikh the Unseen, a journeyman SpDe of Dithmenos (D:15)
  8 ironbound preservers
  3 cacodemons
  The ghost of Qoegeopn the Pannier, a journeyman DsCj of Nemelex Xobeh (Shoals:2)
  19 stone giants
  26 very ugly things
  A black draconian (Depths:4)
  5 ironbound thunderhulks
  2 vampire knights (Depths:1)
  A lorocyproca (Hell)
  8 deep elf annihilators
  A minotaur (Gauntlet)
  7 dire elephants
  The ghost of Optol the Spry, a journeyman FeAr of Gozag (Snake:1)
  A purple draconian (Depths:4)
  4 yellow draconians (Depths:4)
  The ghost of wireframewife the Basher, a journeyman AtFi of Okawaru (Lair:2)
  6 spark wasps
  12 deep elf death magi
  6 merfolk javelineers
  3 crystal guardians
  6 blizzard demons
  9 merfolk impalers
  10 fire dragons
  13 yaktaur captains
  7 deep elf high priests
  14 ettins
  2 green deaths (Hell)
  2 entropy weavers
  6 great orbs of eyes
  Josephine (D:11)
  The ghost of Fodor the Basher, a journeyman MiFi of Gozag (D:11)
  9 ice dragons
  4 spriggan air magi
  7 salamander tyrants
  30 vault guards
  2 merfolk avatars
  2 caustic shrike simulacra
  9 rakshasas
  Harold (D:9)
  2 ogre magi (D:15)
  4 catoblepae
  9 centaur warriors
  4 hydras
  12 anacondas
  A peacekeeper (Vaults:3)
  Erica (D:11)
  An alligator snapping turtle (Shoals:2)
  8 ironbound frosthearts
  41 dancing weapons
  5 merfolk aquamancers
  4 two-headed ogres
  17 death yaks
  12 naga warriors
  6 boulder beetles
  A deep troll earth mage (Depths:3)
  4 deep troll shamans
  A satyr (Shoals:4)
  10 naga sharpshooters
  5 shock serpents
  6 spriggan berserkers
  3 tengu warriors
  6 soul eaters
  12 orc high priests
  4 thrashing horrors (Abyss:2)
  35 hell knights
  3 demonic crawlers
  3 occultists
  5 sun demons
  6 skysharks
  Nergalle (D:10)
  Sonja (Lair:4)
  A skyshark (shapeshifter) (Depths:1)
  16 deep elf knights
  4 wretched stars
  2 skeletal warriors
  Amaemon (D:11)
  6 salamander mystics
  A spark wasp zombie (Depths:2)
  9 sea snakes
  2 iron trolls
  30 deep trolls
  A sixfirhy (Depths:4)
  A shadow demon (Abyss:2)
  2 cherubim (Depths:2)
  12 glowing orange brains
  An orange crystal statue (WizLab)
  2 kraken simulacra (Hell)
  2 anaconda zombies (Hell)
  13 necromancers
  A flayed ghost (Vaults:5)
  4 naga ritualists
  5 arcanists
  A bog body (IceCv)
  9 deep elf archers
  An anaconda skeleton (Hell)
  5 phantasmal warriors
  13 lindwurms
  An alligator zombie (Hell)
  19 harpies
  27 deep elf pyromancers
  18 ironbound convokers
  4 orc knights
  12 mana vipers
  An oklob plant (Lair:2)
  24 deep elf zephyrmancers
  30 ugly things
  6 cyclopes
  7 orc sorcerers
  21 salamanders
  An alligator skeleton (Hell)
  Maurice (D:12)
  23 fauns
  12 elephants
  6 rust devils
  A toenail golem (D:11)
  17 vault sentinels
  Joseph (D:10)
  11 merfolk sirens
  10 manticores
  7 guardian serpents
  An apocalypse crab (Gauntlet)
  2 molten gargoyles
  4 water nymphs
  2 titan simulacra (Depths:3)
  A torpor snail (Lair:4)
  36 black mambas
  5 eyes of devastation
  3 ice statues
  A hellion (Depths:4)
  2 centaur skeletons
  A dire elephant skeleton (Hell)
  12 naga magi
  An orange demon (D:11)
  A gargoyle (D:12)
  10 cane toads
  4 smoke demons
  26 yaktaurs
  3 minotaur zombies (Gauntlet)
  2 rime drakes
  7 komodo dragons
  An unseen horror (D:11)
  3 freezing wraiths
  2 sea snake zombies (Hell)
  3 kobold demonologists
  2 tengu conjurers
  2 efreet (D:15)
  Psyche (D:11)
  A guardian mummy (D:15)
  2 anaconda simulacra (IceCv)
  2 ancient zymes (Abyss:2)
  2 hydra zombies (Hell)
  8 ice devils
  24 merfolk
  A golden dragon simulacrum (Depths:2)
  3 trolls
  A red devil (D:11)
  8 wind drakes
  2 polar bears
  5 hornets
  A dream sheep (shapeshifter) (Depths:3)
  10 snapping turtles
  A polar bear (shapeshifter) (D:15)
  5 glass eyes
  11 raiju (Abyss:2)
  12 blink frogs
  A harpy skeleton (Abyss:2)
  A hydra skeleton (Hell)
  A raiju (shapeshifter) (Vaults:5)
  A fire giant simulacrum (Depths:2)
  10 dream sheep
  An ettin zombie (Hell)
  7 large abominations (Abyss:2)
  21 slime creatures
  2 air elementals
  A centaur simulacrum (D:15)
  4 spriggans
  3 dire elephant simulacra (IceCv)
  9 wraiths
  10 water elementals
  81 yaks
  3 vampires
  A ynoxinul (Abyss:2)
  2 ettin skeletons (Hell)
  3 wyverns
  12 fire elementals
  7 hogs (Lair:4)
  4 neqoxecs
  3 humans (D:13)
  A yak (shapeshifter) (Depths:3)
  2 redbacks (Vaults:1)
  6 basilisks
  11 golden eyes (WizLab)
  A steam dragon (D:8)
  A chaos spawn (Abyss:2)
  11 vampire mosquitoes
  8 small abominations
  31 nagas
  11 wargs
  A death yak simulacrum (IceCv)
  An acid dragon (D:12)
  A glowing shapeshifter zombie (Depths:3)
  2 harpy simulacra (IceCv)
  19 water moccasins
  Duvessa (D:6)
  3 hydra simulacra (IceCv)
  5 hell hounds
  A glowing shapeshifter skeleton (Depths:3)
  A naga skeleton (Abyss:2)
  14 orc warriors
  2 sky beasts
  An ice beast (D:4)
  A boggart (Vaults:4)
  A black bear (shapeshifter) (Depths:1)
  3 black bears
  9 wolves
  8 centaurs
  13 starcursed masses
  6 ogres
  3 kobold brigands
  11 bullfrogs
  2 earth elementals (Elf:1)
  3 gnoll sergeants
  4 scorpions
  A cane toad simulacrum (IceCv)
  A glowing shapeshifter simulacrum (Depths:2)
  23 wights
  Dowan (D:6)
  3 killer bees (D:9)
  An elephant simulacrum (IceCv)
  2 howler monkeys
  4 electric eels (Lair:4)
  3 lava snakes (Lair:4)
  A quasit (Abyss:2)
  An iron imp (Abyss:2)
  3 hounds
  10 jellies
  35 orc priests
  4 sleepcaps
  6 iguanas
  19 orc wizards
  15 gnolls
  15 adders
  2 shadow imps
  16 white imps
  9 ufetubi
  4 worms
  7 dart slugs
  98 orcs
  14 endoplasms
  13 giant cockroaches
  5 hobgoblins
  9 jackals
  8 quokkas
  14 ball pythons
  10 bats
  5 frilled lizards
  3 goblins
  17 kobolds
  4 rats
  A spectral weapon (Snake:3)
  7 starspawn tentacles
  2 tentacles (Shoals:4)
2051 creatures vanquished.

Vanquished Creatures (collateral kills)
  A very ugly thing (Depths:1)
  An orange demon (Hell)
2 creatures vanquished.

Vanquished Creatures (others)
  2 deep elf zephyrmancers
  A deep elf pyromancer (Elf:3)
  A faun (Shoals:4)
  A centaur skeleton (D:15)
  A spriggan (Depths:4)
  An air elemental (Elf:3)
  A small abomination (Abyss:2)
  2 gnolls (D:8)
  2 orcs (Vaults:5)
  23 starspawn tentacles
  10 tentacles
45 creatures vanquished.

Grand Total: 2098 creatures vanquished

Notes
Turn   | Place    | Note
-------+----------+-------------------------------------------
     0 | D:1      | p00ps00p the Hill Orc Fighter began the quest for the Orb.
     0 | D:1      | Reached XP level 1. HP: 19/19 MP: 1/1
    93 | D:1      | Reached XP level 2. HP: 27/27 MP: 2/2
   406 | D:2      | Found a faded altar of an unknown god.
   411 | D:2      | Reached XP level 3. HP: 33/33 MP: 3/3
   596 | D:2      | Reached XP level 4. HP: 40/40 MP: 4/4
   806 | D:2      | Identified the +0 plate armour of Failure {rF+ rC+ Str-2}
   979 | D:2      | Identified a scroll of acquirement
   979 | D:2      | Acquired the +0 helmet of the Byakko {Str+3}
  1205 | D:3      | Found a glowing drain.
  1223 | Sewer    | Entered a sewer
  1315 | Sewer    | Reached XP level 5. HP: 47/47 MP: 5/5
  1541 | Sewer    | Reached skill level 5 in Fighting
  1541 | Sewer    | Reached XP level 6. HP: 45/56 MP: 6/6
  1664 | D:3      | Found a stormy altar of Qazlal.
  1666 | D:3      | Found an ancient bone altar of Kikubaaqudgha.
  1799 | D:3      | Reached skill level 5 in Axes
  1953 | D:3      | Reached skill level 5 in Shields
  1966 | D:3      | Reached skill level 5 in Armour
  2373 | D:3      | Reached XP level 7. HP: 61/61 MP: 7/7
  2734 | D:4      | Found Sedykem's Antique Armour Boutique.
  2947 | D:4      | Found Tateo's Antique Armour Shop.
  3216 | D:4      | Reached XP level 8. HP: 64/71 MP: 8/8
  3746 | D:5      | Entered Level 5 of the Dungeon
  4051 | D:5      | Found Juyvvafa's Jewellery Shoppe.
  4235 | D:5      | Found a hide-covered altar of Uskayaw.
  4760 | D:5      | Found Fottol's Weapon Boutique.
  5363 | D:6      | Reached XP level 9. HP: 79/79 MP: 9/9
  5779 | D:6      | Noticed Duvessa
  5785 | D:6      | Noticed Dowan
  5791 | D:6      | Killed Duvessa
  5793 | D:6      | Killed Dowan
  5951 | D:6      | Found a staircase to the Ecumenical Temple.
  5970 | Temple   | Entered the Ecumenical Temple
  5979 | Temple   | Became a worshipper of Gozag Ym Sagoz the Greedy
  6681 | D:7      | Found a white marble altar of Elyvilon.
  6729 | D:7      | Found an ornate altar of the Wu Jian Council.
  6752 | D:7      | Reached XP level 10. HP: 84/91 MP: 10/10
  6897 | D:7      | Found an iron altar of Okawaru.
  6985 | D:7      | Found Toreffym's Jewellery Shop.
  7192 | D:8      | Noticed a kobold demonologist
  7199 | D:8      | Noticed a sixfirhy
  7692 | D:8      | Noticed a sun demon
  7699 | D:8      | Killed a kobold demonologist
  8205 | D:8      | Reached skill level 10 in Axes
  8357 | D:8      | Found Ytuluv's Weapon Emporium.
  8460 | D:8      | Reached skill level 10 in Fighting
  8717 | D:8      | Found a staircase to the Lair.
  9008 | D:8      | Reached XP level 11. HP: 95/101 MP: 11/11
  9491 | D:9      | Noticed Harold
  9505 | D:9      | Killed Harold
  9506 | D:9      | Reached skill level 10 in Armour
  9506 | D:9      | Reached skill level 10 in Shields
 10058 | D:9      | Found a shadowy altar of Dithmenos.
 10367 | D:5      | Bought the ring "Reweriri" {Str+6 Stlth+} for 503 gold
                  | pieces
 10409 | D:4      | Bought a glowing scarf for 224 gold pieces
 10553 | D:10     | Entered Level 10 of the Dungeon
 10730 | D:10     | Noticed Joseph
 10739 | D:10     | Killed Joseph
 11087 | D:10     | Noticed Gastronok
 11112 | D:10     | Killed Gastronok
 11233 | D:10     | Noticed Nergalle
 11241 | D:10     | Noticed a spectral orc warlord
 11243 | D:10     | Killed Nergalle
 11450 | D:11     | Noticed Psyche
 11457 | D:11     | Killed Psyche
 11485 | D:11     | Noticed Josephine
 11490 | D:11     | Killed Josephine
 11578 | D:11     | Found a transporter.
 11607 | D:11     | Found a transporter.
 11607 | D:11     | Noticed a two-headed ogre
 11607 | D:11     | Noticed Erica
 11636 | D:11     | Killed a two-headed ogre
 11637 | D:11     | Reached XP level 12. HP: 112/112 MP: 12/12
 11648 | D:11     | Found a glowing golden altar of the Shining One.
 11753 | D:11     | Killed Erica
 12163 | D:11     | Found a one-way gate to the infinite horrors of the Abyss.
 12163 | D:11     | Noticed Fodor's ghost (journeyman MiFi)
 12277 | D:11     | Noticed Amaemon
 12294 | D:11     | Killed Amaemon
 12981 | D:11     | Found a staircase to the Orcish Mines.
 13131 | D:11     | Noticed a boulder beetle
 13151 | D:11     | Killed a boulder beetle
 13362 | Orc:1    | Entered Level 1 of the Orcish Mines
 13369 | Orc:1    | Found a frozen archway.
 13447 | IceCv    | Entered an ice cave
 14514 | IceCv    | Found the +8 frozen axe "Frostbite" {freeze, freezing
                  | cloud, *Noise Fly rC+}
 15274 | Orc:1    | Reached XP level 13. HP: 118/122 MP: 13/13
 15501 | D:4      | Bought the -2 hat of the Alchemist {rElec rPois rF+ rC+ rN+
                  | Will+ rMut rCorr} for 1085 gold pieces
 15501 | D:4      | Found the -2 hat of the Alchemist {rElec rPois rF+ rC+ rN+
                  | Will+ rMut rCorr}
 15676 | Orc:2    | Entered Level 2 of the Orcish Mines
 16009 | Orc:2    | Found Eshepoj's Magic Scroll Emporium.
 16009 | Orc:2    | Found Dackylui's Antique Armour Boutique.
 16155 | Orc:2    | Found a staircase to the Elven Halls.
 16641 | Orc:2    | Noticed an ettin
 16655 | Orc:2    | Killed an ettin
 17414 | Orc:2    | Found a roughly hewn altar of Beogh.
 17450 | Orc:2    | Found Toudueha's Magic Scroll Boutique.
 17450 | Orc:2    | Found Arphazomm's Book Emporium.
 18598 | Orc:2    | Bought a pair of gloves for 171 gold pieces
 18723 | Lair:1   | Entered Level 1 of the Lair of Beasts
 18801 | Lair:1   | Reached skill level 15 in Axes
 19688 | Lair:2   | Found a runed translucent door.
 19689 | Lair:2   | Found a shimmering altar of Xom.
 19689 | Lair:2   | Noticed wireframewife's ghost (journeyman AtFi)
 19694 | Lair:2   | Found a staircase to the Shoals.
 20635 | Lair:3   | Reached XP level 14. HP: 94/133 MP: 14/14
 21036 | Lair:3   | Found a staircase to the Snake Pit.
 21733 | Lair:3   | Reached skill level 15 in Fighting
 21840 | Lair:4   | Noticed Sonja
 21851 | Lair:4   | Killed Sonja
 21949 | Lair:4   | Found a gate leading to a gauntlet.
 21961 | Gauntlet | Entered a Gauntlet
 21961 | Gauntlet | Found a transporter.
 21961 | Gauntlet | Found a transporter.
 21961 | Gauntlet | Found a transporter.
 22022 | Gauntlet | Found a transporter.
 22022 | Gauntlet | Found a transporter.
 22036 | Gauntlet | Found a transporter.
 22038 | Gauntlet | Found a transporter.
 22044 | Gauntlet | Noticed a dire elephant
 22046 | Gauntlet | Found the amulet of the Air {Inacc Air Fly rElec RMsl}
 22048 | Gauntlet | Found a transporter.
 22138 | Gauntlet | Found a transporter.
 22148 | Gauntlet | Found a transporter.
 22152 | Gauntlet | Found a transporter.
 22164 | Gauntlet | Found a transporter.
 22417 | Gauntlet | Identified the +1 hat "Wegahor" {Int+5}
 23253 | Lair:4   | Noticed Kirke
 23276 | Lair:4   | Killed Kirke
 23445 | Lair:4   | Found a viscous altar of Jiyva.
 23446 | Lair:4   | Found a staircase to the Slime Pits.
 24048 | Lair:5   | Entered Level 5 of the Lair of Beasts
 24078 | Lair:5   | Reached XP level 15. HP: 143/143 MP: 15/15
 24892 | Lair:5   | Reached skill level 15 in Shields
 24971 | Lair:5   | Reached skill level 15 in Armour
 26185 | Lair:4   | Bought a +1 crystal plate armour for 1218 gold pieces
 26282 | Lair:2   | Killed wireframewife's ghost
 26476 | D:12     | Noticed Rupert
 26486 | D:12     | Killed Rupert
 26711 | D:12     | Found a snail-covered altar of Cheibriados.
 26780 | D:12     | Noticed Maurice
 26790 | D:12     | Killed Maurice
 27138 | D:12     | Identified the +0 scale mail of Uskayaw's Pride {-Cast
                  | rElec Dex+5 Slay+3}
 27780 | D:13     | Reached XP level 16. HP: 148/155 MP: 16/16
 27805 | D:13     | Found a gate to the Vaults.
 28277 | D:14     | Identified the +1 ring mail of Privacy {+Inv rC+ Dex-4
                  | SInv}
 28879 | D:15     | Entered Level 15 of the Dungeon
 29010 | D:15     | Noticed Veikh's ghost (journeyman SpDe)
 29011 | D:15     | Noticed a sphinx
 29016 | D:15     | Found a runed translucent gate.
 29016 | D:15     | Found a runed translucent gate.
 29016 | D:15     | Found a runed translucent gate.
 29364 | D:15     | Found a portal to a secret trove of treasure.
 29766 | Abyss:2  | Cast into level 2 of the Abyss (an occultist)
 29898 | Abyss:2  | Noticed a lich
 29906 | Abyss:2  | Killed a lich
 29913 | Abyss:2  | Noticed a tentacled starspawn
 29914 | Abyss:2  | Noticed a tentacled starspawn
 29936 | Abyss:2  | Killed a tentacled starspawn
 29952 | Abyss:2  | Killed a tentacled starspawn
 30106 | D:15     | Escaped the Abyss
 30349 | D:15     | Found a staircase to the Depths.
 30708 | Shoals:1 | Entered Level 1 of the Shoals
 31936 | D:7      | Bought a ring of flight for 210 gold pieces
 32290 | Shoals:2 | Reached XP level 17. HP: 165/165 MP: 17/17
 32629 | Shoals:2 | Found a runed translucent gate.
 32629 | Shoals:2 | Found a runed translucent gate.
 32629 | Shoals:2 | Found a runed translucent gate.
 32641 | Shoals:2 | Noticed Qoegeopn's ghost (journeyman DsCj)
 33626 | Shoals:3 | Noticed Polyphemus
 34296 | Snake:1  | Entered Level 1 of the Snake Pit
 34296 | Snake:1  | Found a runed translucent door.
 34334 | Snake:1  | Found a shimmering altar of Xom.
 34334 | Snake:1  | Noticed Optol's ghost (journeyman FeAr)
 34437 | Snake:1  | Found a shimmering altar of Xom.
 35294 | Snake:1  | Killed Optol's ghost
 35442 | Snake:2  | Found Gobbaug's Antique Weapon Boutique.
 35460 | Snake:2  | Bought a glowing executioner's axe for 481 gold pieces
 35730 | Snake:2  | Noticed Louise
 35731 | Abyss:2  | Cast into level 2 of the Abyss (Louise)
 36047 | Abyss:2  | Noticed a hellephant
 36073 | Abyss:2  | Killed a hellephant
 36174 | Snake:2  | Escaped the Abyss
 36208 | Snake:2  | Killed Louise
 37197 | Snake:3  | Noticed Vashnia
 37876 | Snake:3  | Killed Vashnia
 37877 | Snake:3  | Reached XP level 18. HP: 137/176 MP: 1/18
 38016 | Snake:3  | Found Hiaras's Antique Weapon Shop.
 38044 | Snake:3  | Identified the +1 cloak "Zoton" {rElec rN+}
 38417 | D:15     | Bought the scarf of Sorcery {repulsion, rC+ Str+3 Int+2}
                  | for 517 gold pieces
 38484 | D:15     | Killed Veikh's ghost
 38502 | D:15     | Identified the +2 cloak "Waohoroo" {rCorr Dex+2}
 38700 | D:11     | Killed Fodor's ghost
 38991 | Shoals:2 | Killed Qoegeopn's ghost
 39042 | Shoals:2 | Identified the amulet "Nonutweb" {Reflect rPois rC- Regen+
                  | Int-2 SH+5}
 39044 | Shoals:2 | Identified the +1 pair of gloves "Hammipen" {Regen+ rCorr
                  | MP-9 Str+4}
 39363 | Snake:3  | Noticed Asterion
 39370 | Snake:3  | Killed Asterion
 39569 | Snake:3  | Noticed Roxanne
 39598 | Snake:3  | Killed Roxanne
 40275 | Snake:4  | Entered Level 4 of the Snake Pit
 40648 | Snake:4  | Found Delebulu's Magic Scroll Emporium.
 40662 | Snake:4  | Found Xaoch's Magic Scroll Shoppe.
 40685 | Snake:4  | Bought a scroll of enchant armour for 127 gold pieces
 40685 | Snake:4  | Bought a scroll of enchant armour for 127 gold pieces
 40685 | Snake:4  | Bought a scroll of acquirement for 884 gold pieces
 40686 | Snake:4  | Acquired 338 gold pieces
 41292 | Snake:4  | Reached XP level 19. HP: 176/187 MP: 10/19
 41408 | Snake:4  | Got a serpentine rune of Zot
 42023 | Orc:2    | Bought a scroll of brand weapon for 161 gold pieces
 42239 | Shoals:3 | Killed Polyphemus
 43257 | Shoals:4 | Identified the "Dejufraddi"
 43257 | Shoals:4 | Entered Level 4 of the Shoals
 43535 | Shoals:4 | Got a barnacled rune of Zot
 43721 | Shoals:4 | Noticed Ilsuiw
 43739 | Shoals:4 | Killed Ilsuiw
 44647 | Shoals:2 | Paralysed by a Zot trap for 5 turns
 44803 | D:8      | Bought the ring "Xohoh" {Wiz Str+6 Stlth+} for 838 gold
                  | pieces
 44899 | Vaults:5 | Identified the "Vumettit"
 44899 | Vaults:5 | Identified the of Nugoss
 44899 | Crypt:3  | Identified the of Supycrud
 44899 | Crypt:3  | Identified the "Ocexuff"
 44899 | Elf:1    | Entered Level 1 of the Elven Halls
 45058 | Elf:1    | Found a magical portal.
 45114 | Elf:1    | Reached XP level 20. HP: 197/198 MP: 11/20
 45139 | Elf:1    | Acquired 1124 gold pieces
 45149 | WizLab   | Entered Lehudib's Moon Base
 45687 | WizLab   | Found a transporter.
 46038 | WizLab   | Found a transporter.
 46254 | WizLab   | Identified the ring "Qyreps" {rPois rF+ rC+ MP+9 Str-2}
 46946 | Elf:1    | Identified the +0 pair of boots "Cauj" {rPois Will+++ Int+5
                  | Dex-2 Slay-5}
 47327 | Elf:1    | Bought a scroll of enchant armour for 120 gold pieces
 47327 | Elf:1    | Bought a scroll of blinking for 120 gold pieces
 47352 | Desolati | Identified the "Feb Fod"
 47352 | Desolati | Identified the of Cyfyshid
 47352 | Desolati | Identified the "Emeolae"
 47352 | Desolati | Identified the "Pakuefro"
 47378 | Elf:2    | Found a crumbling gateway.
 47811 | Elf:2    | Reached XP level 21. HP: 209/209 MP: 12/21
 47843 | Elf:2    | Found a runed translucent gate.
 47843 | Elf:2    | Found a runed translucent gate.
 47847 | Elf:2    | Found a runed translucent gate.
 48597 | Vaults:1 | Entered Level 1 of the Vaults
 50147 | Vaults:2 | You fall into a shaft and drop 2 floors!
 50383 | Vaults:4 | Identified the +5 flail "Xom's Ringing Laughter" {freeze,
                  | rC+ Str+3}
 51123 | Vaults:3 | Reached XP level 22. HP: 172/220 MP: 13/22
 51258 | Vaults:3 | Found a staircase to the Crypt.
 52407 | Vaults:3 | Bought a +2 pair of boots of stealth for 408 gold pieces
 52633 | Depths:1 | Entered Level 1 of the Depths
 52881 | Depths:1 | Found a gateway to Hell.
 53129 | Depths:1 | Identified the serpent talisman of the Grand Frog {Will+}
 53129 | Depths:1 | Noticed Aizul
 53228 | Depths:1 | Killed Aizul
 53701 | Depths:1 | Identified the +6 morningstar "Suenuk" {protect, Fly rF+
                  | Will- Dex+3}
 54344 | Elf:2    | Bought glowing shadow dragon scales for 2158 gold pieces
 54673 | Depths:2 | Found a white marble altar of Elyvilon.
 54782 | Depths:2 | Reached XP level 23. HP: 229/229 MP: 14/23
 55042 | Depths:2 | Noticed an ancient lich
 55050 | Depths:2 | Killed an ancient lich
 55300 | Depths:2 | Found a one-way gate leading to the halls of Pandemonium.
 56164 | Depths:3 | Noticed a dread lich
 56164 | Depths:3 | Noticed a golden dragon
 56164 | Depths:3 | Noticed Frederick
 56484 | Depths:3 | Killed Frederick
 56511 | Depths:3 | Killed a dread lich
 56530 | Depths:3 | Killed a golden dragon
 56962 | D:8      | Bought 4 curare-tipped darts for 67 gold pieces
 58172 | Depths:4 | Entered Level 4 of the Depths
 58172 | Depths:4 | Noticed Margery
 58172 | Depths:4 | Noticed a juggernaut
 58184 | Depths:4 | Noticed a juggernaut
 58415 | Depths:4 | Noticed Xtahua
 58438 | Depths:4 | Killed Xtahua
 58707 | Depths:3 | Killed a juggernaut
 59087 | Depths:4 | Reached XP level 24. HP: 164/242 MP: 14/23
 59549 | Depths:4 | Killed a juggernaut
 59550 | Depths:4 | Reached skill level 27 in Axes
 59570 | Depths:4 | Killed Margery
 59581 | Depths:4 | Acquired a +0 tower shield of protection
 59663 | Depths:4 | Identified the +0 robe "Kyutsese" {rF++ rN+}
 60002 | Depths:4 | Found a one-way gateway to a ziggurat.
 60320 | Depths:4 | Found a gate to the Realm of Zot.
 60654 | Hell     | Entered the Vestibule of Hell
 60654 | Hell     | Noticed Geryon
 61312 | Hell     | Gained mutation: Your magical capacity is low. (-10% MP) [a
                  | cacodemon]
 61747 | Hell     | Found a gateway to the ashen valley of Gehenna.
 61938 | Hell     | Found a gateway to the freezing wastes of Cocytus.
 63480 | Elf:3    | Entered Level 3 of the Elven Halls
 63496 | Elf:3    | Found the +15 Maxwell's patent armour {-Cast -Tele rElec
                  | Will+ rCorr}
 63871 | Elf:3    | Identified the ring of Wigakac {Ice rPois Int+5}
 63913 | Elf:3    | Identified the ring of Poquoz {rC+ SInv}
 64720 | Elf:3    | Reached XP level 25. HP: 194/246 MP: 14/20
 64830 | Elf:3    | Identified the +1 flail of Golden Offence {heavy, Dex+4
                  | SInv}
 64832 | Elf:3    | Identified the ring "Tiquaj" {rF- rC+ Int+7 SInv}
 64844 | Elf:3    | Identified the +0 flail "Qoavocka" {vamp, Fragile Will+
                  | Str+6}
 65067 | Elf:3    | Identified the staff of the Dungeon {rC+ rCorr Int+5 Stlth+
                  | Ice}
 65088 | Elf:3    | Identified the +1 arbalest of Giegyenu {freeze, +Blink Fly
                  | rF- Stlth+}
 65157 | Elf:3    | Identified the staff "Zoqoircho" {Fragile rElec Dex+3 SInv
                  | Air}
 65161 | Elf:3    | Identified the +1 scale mail of Uskayaw, Blushing {Will+
                  | Str-5 Int+2}
 65356 | Elf:3    | Found Ashemam's CLEARANCE SALE!.
 65463 | Elf:3    | Paralysed by an air elemental for 1 turns
 65477 | Elf:3    | Bought a scroll of teleportation for 9 gold pieces
 65477 | Elf:3    | Bought a potion of curing for 9 gold pieces
 66094 | Vaults:5 | Entered Level 5 of the Vaults
 66094 | Vaults:5 | Noticed a dread lich
 66614 | Vaults:4 | Paralysed by a dread lich for 5 turns
 66628 | Vaults:4 | Paralysed by a dread lich for 2 turns
 66637 | Vaults:4 | Killed a dread lich
 68104 | Vaults:5 | Reached skill level 27 in Fighting
 68193 | Vaults:5 | Noticed an ancient lich
 68230 | Vaults:5 | Killed an ancient lich
 68238 | Vaults:5 | HP: 10/257 [yaktaur captain/+0 war axe (5)]
 68240 | Vaults:5 | HP: 3/257 [frost giant/+2 battleaxe of freezing (7)]
 68240 | Vaults:5 | Mangled by a vault warden

Illustrated notes

Levels and vault maps discovered:
D:1:      wander_arrival_fairy_ring, layout_rooms, kennysheep_nondescript
D:2:      layout_basic, chequers_ecumenical_altar_simple_redux, nrook_campfire
D:3:      layout_basic, grunt_temple_overflow_open,
          cheibrodos_sewer_entry_drain, serial_aquarium,
          aquarium_bridge_straight [aquarium_subvault_bridge,
          aquarium_subvault_wall, aquarium_subvault_bridge,
          aquarium_subvault_wall], aquarium_window_1, aquarium_window_2,
          aquarium_window_2, aquarium_window_corner, aquarium_view_2e
D:4:      layout_basic, serial_shops, shop, shop
D:5:      layout_loops_cross, eat_drink_and_be_merry_uskayaw, serial_shops,
          nicolae_shop_just_a_little_nook, nicolae_shop_gaudy_bauble
D:6:      minmay_razor_zed, layout_cave_pods, minmay_temple_entry_junction,
          uniq_duvessa
D:7:      layout_basic, nicolae_overflow_crystal_walls,
          mainiacjoe_overflow_small_starburst, okawaru_metal_pillars_3,
          serial_shops, shop
D:8:      layout_basic, erik_lair_orcish_takeover, serial_shops,
          nicolae_shop_bloodbath_and_beyond, kennysheep_potato
D:9:      layout_basic, nicolae_dithmenos_shadow_blocks, uniq_harold
D:10:     layout_irregular_city, uniq_nergalle, uniq_gastronok, uniq_joseph
D:11:     layout_roguey, orc_0_dummy, gammafunk_ghost_abyssal_escape,
          tso_metal_star, uniq_josephine, uniq_amaemon, uniq_erica, uniq_psyche
D:12:     layout_roguey, kennysheep_slug_shrine, uniq_rupert, uniq_maurice
D:13:     layout_irregular_city, hellmonk_vaults_keyhole
D:14:     layout_rooms
D:15:     grunt_enter_depths_magical_seal, layout_long_grid,
          gammafunk_ghost_split, nicolae_trove_entry_path_of_doom
Temple:   nicolae_temple_superstar
Lair:1:   layout_roguey
Lair:2:   layout_concentric_octagons, nicolae_shoals_entry_roost,
          ebering_ghost_xom, minmay_stone_trees_large,
          grunt_forest_small_clearing_treed
Lair:3:   layout_gridlike, minmay_snake_entry_guardpost_medium
Lair:4:   layout_misc_corridors, nicolae_slime_entry_field_trip,
          gauntlet_entry_generic, nicolae_lair_liquid_snakes,
          grunt_megastairs_4, serial_bayou_shore_a, infiniplex_staircase_pool,
          uniq_sonja, uniq_kirke
Lair:5:   evilmike_catoblepas_cave, layout_loops_ring, grunt_megastairs_5
Shoals:1: layout_shoals
Shoals:2: layout_shoals, gammafunk_ghost_tricky_traps
Shoals:3: layout_shoals, uniq_polyphemus
Shoals:4: shoals_end_grunt_garden, layout_shoals, shoal_ilsuiw
Snake:1:  layout_grid_maze, ebering_ghost_xom, basic_altar
Snake:2:  layout_rooms, serial_shops, nicolae_shop_crystal,
          nicolae_integral_box, uniq_louise
Snake:3:  layout_basic, serial_shops, shop, uniq_asterion, uniq_vashnia,
          uniq_roxanne
Snake:4:  hellmonk_snake_rune_quicksilver_temple, layout_cave_shapes,
          minmay_shoptagon
Orc:1:    layout_caves, portal_ice_cave_entry_imps
Orc:2:    st_orc_town, layout_caves
Elf:1:    nicolae_elf_arrival_no_cutting_in_line, layout_loops_corners,
          infiniplex_enter_wizlab_glasses, hangedman_elven_crosses_minicolossus
Elf:2:    nicolae_elf_blades_splatter_lattice [nicolae_blade_little_rooms],
          layout_geoelf_octagon,
          portal_desolation_entry_nicolae_menacing_earthworks
Elf:3:    nooodl_elf_gasket, layout_rooms, minivault_19, nicolae_shop_clearance
Vaults:1: v_misc_30, nicolae_vaults_circle_grid_b, vaults_dpeg_ring,
          nicolae_vaults_three_branches, nicolae_vaults_murderbox,
          grunt_vaults_funnel, nicolae_vaults_house_2,
          vaults_room_stairs_pillars, layout_vaults_omnigrid
Vaults:2: kb_rosetta, hangedman_vaults_impose, nicolae_vaults_storage_closets_1,
          ontoclasm_vaults_ligature, v_alt_pattern_4, v_pattern_4, v_misc_13,
          serial_ice_b, ontoclasm_vaults_ring_square, v_alt_pattern_4,
          layout_vaults_big_room, uniq_mennas
Vaults:3: ontoclasm_vaults_gallery, nicolae_vaults_network_periphery,
          nicolae_vaults_ellipses_ellipsis, nicolae_vaults_network_square,
          minmay_crypt_entry_nasty_monster, v_misc_26,
          nicolae_vaults_tetromino_Z_2, grunt_vaults_hallway_long, v_misc_29,
          v_misc_8, nicolae_vaults_asterisk, nicolae_vaults_layer_cake_slice,
          layout_vaults_maze_snakey
Vaults:4: vaults_room_stairs_pillars, nicolae_vaults_mitosis, v_misc_17,
          nicolae_vaults_big_angled_halls, vaults_mumra_minichess_inversion,
          nicolae_vaults_alarming, nicolae_vaults_little_squares_6,
          vaults_mumra_hexcomb, nicolae_vaults_little_squares_2,
          hangedman_vaults_maws, nicolae_vaults_trapezoid_lopsided_4,
          hangedman_vaults_corner_blocks, nicolae_vaults_circle_grid_a,
          nicolae_vaults_yaktaur_gun_rack, ontoclasm_vaults_ring_square,
          layout_vaults_omnibox
Vaults:5
Depths:1: layout_cave_shapes, grunt_metal_band, moated_statue,
          minmay_gold_behind_fungi, hangedman_abyss_or_decor_jellyfish_corner,
          hangedman_glass_teeth, minmay_fractal_squares_gapless_7, uniq_aizul
Depths:2: dreamdust_under_siege, layout_honeycomb, grunt_pan_entry_in_and_out,
          grunt_hell_entry_dis_mu
Depths:3: grunt_deathspiral_small, layout_gridville, abyss_entry,
          nicolae_figureground_sparkle, hellmouth_1, kennysheep_generic_room_9,
          infiniplex_staircase_x, uniq_frederick
Depths:4: evilmike_zot_entry_round, layout_cave_pools, enter_ziggurat_f,
          hell_entry, hangedman_abyss_entry_splay, dk_noncrumbling_2,
          serial_bayou_shore_b, uniq_margery, uniq_xtahua
Hell

Skill      XL: |  1  2  3  4  5  6  7  8  9 10 11 12 13 14 15 16 17 18 19 20 21 22 23 24 25 |
---------------+----------------------------------------------------------------------------+-----
Axes           | 3 4 5 6 7 9 11 12 14 15 16 18 19 20 21 22 23 24 25 26 27 | 27.0
Fighting       | 4 5 6 7 9 10 11 13 14 15 17 18 19 20 21 22 23 24 25 26 27 | 27.0
Shields        | 4 5 7 8 9 11 12 13 14 15 16 17 18 19 20 21 22 23 24 25 | 25.2
Armour         | 4 5 6 8 9 11 12 13 14 15 16 17 18 19 20 21 22 23 24 25 | 25.2

Action                     |  1- 3 |  4- 6 |  7- 9 | 10-12 | 13-15 | 16-18 | 19-21 | 22-24 | 25-27 || total
---------------------------+-------+-------+-------+-------+-------+-------+-------+-------+-------++-------
  Melee: War axe           |    74 |   255 |   327 |   529 |   963 |  1254 |  1265 |   599 |       ||  5266
         Executioner's axe |       |       |       |       |    20 |       |       |       |       ||    20
         Broad axe         |       |       |       |       |       |       |       |   815 |   308 ||  1123
 Invoke: Potion Petition   |       |       |       |       |     2 |     1 |       |       |       ||     3
         Call Merchant     |       |       |       |       |     2 |     2 |     3 |     2 |       ||     9
  Evoke: Wand              |       |       |     3 |    12 |       |     1 |       |     2 |       ||    18
         Phial of floods   |       |       |       |       |       |     1 |       |     1 |       ||     2
         Phantom mirror    |       |       |       |       |       |       |       |     2 |       ||     2
         Sack of spiders   |       |       |       |       |       |       |       |     1 |       ||     1
    Use: Scroll            |     1 |     7 |     6 |    11 |    16 |    17 |     9 |    13 |     1 ||    81
         Potion            |       |     1 |       |     3 |     3 |    11 |       |     7 |       ||    25
   Stab: Distracted        |       |       |       |     4 |     5 |    14 |     3 |    23 |     2 ||    51
         Petrified         |       |       |       |       |     2 |       |       |       |       ||     2
         Petrifying        |       |       |       |       |     1 |       |       |       |       ||     1
         Invisible         |       |       |       |       |       |     2 |       |       |       ||     2
         Sleeping          |       |       |       |       |       |       |       |    16 |     4 ||    20
 Armour: Scale mail        |    38 |    10 |       |       |       |       |       |       |       ||    48
         Plate armour      |       |   163 |   277 |   364 |   382 |       |       |       |       ||  1186
         Crystal plate arm |       |       |       |       |    55 |   647 |   603 |   264 |       ||  1569
         Shadow dragon sca |       |       |       |       |       |       |       |   646 |   286 ||   932
  Dodge: Dodged            |    40 |    70 |    93 |   101 |   117 |   214 |   197 |   250 |    75 ||  1157
         Repelled          |       |       |       |       |       |     7 |    16 |    12 |     3 ||    38
  Block: Buckler           |    39 |   140 |   171 |   291 |       |       |       |       |       ||   641
         Reflection        |       |     1 |     2 |    15 |    30 |   105 |   129 |    63 |    27 ||   372
         Kite shield       |       |       |       |    10 |       |   453 |   881 |   621 |       ||  1965
         Tower shield      |       |       |       |     1 |   791 |   523 |       |   530 |   381 ||  2226
         Other             |       |       |       |       |     7 |       |       |       |       ||     7

Table legend: (Time is in decaauts)
 A = Elapsed time spent in this place.
 B = Non-inter-level travel time spent in this place.
 C = Inter-level travel time spent in this place.
 D = Time resting spent in this place.
 E = Time spent auto-exploring this place.
 F = Levels seen in this place.
 G = Mean time per level.
                   A        B        C        D        E       F      G
               +--------+--------+--------+--------+--------+-----+--------+
         Total |  67490 |  60268 |   7222 |  14046 |  33173 |  50 | 1349.8 |
       Dungeon |  19485 |  16332 |   3153 |   3412 |  10176 |  15 | 1299.0 |
        Temple |     16 |      9 |      7 |      0 |      0 |   1 |   16.0 |
          Lair |   7143 |   6187 |    956 |    814 |   4201 |   5 | 1428.6 |
        Shoals |   6243 |   5753 |    490 |    959 |   3462 |   4 | 1560.8 |
     Snake Pit |   6044 |   5277 |    767 |    603 |   3738 |   4 | 1511.0 |
  Orcish Mines |   3560 |   3124 |    436 |   1350 |   1247 |   2 | 1780.0 |
   Elven Halls |   4716 |   4218 |    498 |    834 |   2153 |   3 | 1572.0 |
        Vaults |   6047 |   5642 |    405 |   1736 |   2797 |   5 | 1209.4 |
        Depths |   8771 |   8265 |    506 |   3237 |   3327 |   4 | 2192.8 |
          Hell |    289 |    289 |      0 |     84 |      0 |   1 |  289.0 |
         Abyss |    708 |    708 |      0 |      0 |    159 |   2 |  354.0 |
         Sewer |    446 |    446 |      0 |      0 |    149 |   1 |  446.0 |
      Ice Cave |   1679 |   1679 |      0 |    693 |    594 |   1 | 1679.0 |
        Wizlab |   1205 |   1205 |      0 |      0 |    610 |   1 | 1205.0 |
      Gauntlet |   1130 |   1130 |      0 |    324 |    557 |   1 | 1130.0 |
               +--------+--------+--------+--------+--------+-----+--------+

Top non-repeatable levels by time:
Depths:4: 3354 daAuts
Depths:3: 2795 daAuts
Vaults:4: 2787 daAuts
    D:11: 2477 daAuts
   Orc:2: 2206 daAuts
Shoals:2: 2111 daAuts
 Snake:2: 1945 daAuts
   Elf:2: 1836 daAuts
Shoals:1: 1764 daAuts
  Lair:5: 1702 daAuts
   IceCv: 1679 daAuts
     D:7: 1657 daAuts
    D:15: 1629 daAuts
     D:8: 1555 daAuts
     D:4: 1540 daAuts
